 Dungeon Crawl Stone Soup version 0.31-a0-202-g547052bce9 (webtiles) character file.

Game seed: 1131071420768037746

128 qw the Skirmisher (level 4, -7/25 HPs)
             Began as a Deep Elf Hunter on June 26, 2023.
             Mangled by an iguana (10 damage)
             ... on level 3 of the Dungeon.
             The game lasted 00:00:37 (2367 turns).

qw the Skirmisher (Deep Elf Hunter)                 Turns: 2367, Time: 00:00:37

Health: -7/25      AC:  6    Str: 10    XL:     4   Next: 86%
Magic:  6/6        EV: 11    Int: 14    God:
Gold:   219        SH:  0    Dex: 18    Spells: 3/3 levels left

rFire   . . .        Y - +0 shortbow
rCold   . . .        (shield currently unavailable)
rNeg    . . .        h - +0 ring mail
rPois   .            (no helmet)
rElec   .            d - +0 cloak
rCorr   +            (no gloves)
SInv    .            (no boots)
Will    .....        (no amulet)
Stlth   +            b - ring of resist corrosion
HPRegen 0.24/turn    (no ring)
MPRegen 0.10/turn

%: no passive effects
@: no status effects
A: no striking features
a: no special abilities


You were on level 3 of the Dungeon.
You visited 1 branch of the dungeon, and saw 3 of its levels.

You collected 219 gold pieces.


   Skills:
 - Level 1.5 Fighting
 + Level 8.3 Ranged Weapons
 - Level 2.4 Dodging
 - Level 1.2 Stealth


You had 3 spell levels left.
You didn't know any spells.
Your spell library was empty.

Inventory:

Hand Weapons
 Y - a +0 shortbow (weapon)
Armour
 d - a +0 cloak (worn)
 h - a +0 ring mail (worn)
 l - a +0 helmet
Jewellery
 b - a ring of resist corrosion (left hand)
 k - a ring of positive energy
Scrolls
 i - a scroll of enchant armour {unknown}
 m - a scroll of identify {unknown}
Potions
 a - a potion of magic {unknown}
 c - 2 potions of curing {unknown}
 e - a potion of mutation {unknown}
 f - a potion of heal wounds {unknown}
 g - a potion of cancellation {unknown}
 j - a potion of enlightenment {unknown}

Dungeon Overview and Level Annotations

Branches:
Dungeon (3/15)

Altars:


Message History

Enter note:
Enter note:
Enter note:
Enter note:
Enter note:
Enter note: You see here a +0 ring mail.
You now have 219 gold pieces (gained 9).
An iguana comes into view.
Enter note:
Enter note:
Enter note:
Enter note:
Enter note:
Enter note:
Enter note:
Enter note:
Enter note: You shoot an arrow.
The arrow hits the iguana but does no damage.
You shoot an arrow. The arrow hits the iguana.
The iguana is lightly wounded.
You shoot an arrow. The arrow closely misses the iguana.
You shoot an arrow.
The arrow hits the iguana but does no damage.
The iguana is lightly wounded.
The iguana bites you!
You shoot an arrow. The arrow barely misses the iguana.
The iguana bites you.
You shoot an arrow. The arrow barely misses the iguana.
The iguana closely misses you.
You shoot an arrow. The arrow hits the iguana.
The iguana is heavily wounded.
The iguana closely misses you.
You shoot an arrow. The arrow hits the iguana.
The iguana is severely wounded.
The iguana bites you!
You shoot an arrow. The arrow barely misses the iguana.
The iguana bites you!
You die...

..##............ #.#
..##....######### #.#
#.##....../#....# #.#
#.##.....#......#.#.#
#.###..#.#........#.#
....#..#.#....#...#.#
#####.......<.....#.#
#.#########.###.###
#. .......@.....# #.
######l####### #. #.
#. .. ##


You could see an iguana.

Vanquished Creatures
  A howler monkey (D:2)
  Jessica (D:3)
  2 adders (D:2)
  A worm (D:1)
  2 dart slugs (D:1)
  An orc (D:3)
  2 ball pythons (D:2)
  5 endoplasms (D:2)
  3 goblins
  5 hobgoblins
  A quokka (D:1)
  5 bats
  3 kobolds
  3 rats
35 creatures vanquished.

Notes
Turn   | Place    | Note
-------+----------+-------------------------------------------
     0 | D:1      | qw the Deep Elf Hunter began the quest for the Orb.
     0 | D:1      | Reached XP level 1. HP: 12/12 MP: 3/3
     0 | D:1      | 0 ||| qw: Version: 0.3-a-22-g0ed2b0b
     0 | D:1      | 0 ||| qw: Game counter: 5954
     0 | D:1      | 0 ||| qw: Melee chars always use a shield: true
     0 | D:1      | 0 ||| qw: God list: Okawaru
     0 | D:1      | 0 ||| qw: Allow faded altars: false
     0 | D:1      | 0 ||| qw: Do Orc after clearing Dungeon:15 true
     0 | D:1      | 0 ||| qw: Do second Lair branch before Depths: true
     0 | D:1      | 0 ||| qw: Lair rune preference: random
     0 | D:1      | 0 ||| qw: Goals: Normal
     0 | D:1      | 0 ||| PLANNING D:1-11
     6 | D:1      | HP: 2/12 [worm (10)]
   256 | D:1      | Reached skill level 6 in Ranged Weapons
   256 | D:1      | Reached XP level 2. HP: 16/16 MP: 4/4
   526 | D:1      | You fall into a shaft and drop 1 floor!
   558 | D:2      | Found a faded altar of an unknown god.
   593 | D:2      | Noticed a howler monkey
   607 | D:2      | Killed a howler monkey
   608 | D:2      | Reached skill level 7 in Ranged Weapons
   608 | D:2      | Reached XP level 3. HP: 10/20 MP: 5/5
   692 | D:2      | 692 ||| UPGRADING to +0 ring mail.
   702 | D:2      | 702 ||| DROPPING +0 leather armour.
   703 | D:2      | 703 ||| READING scroll labelled FICRISCH ZIOCKUARY.
   704 | D:2      | 704 ||| READING scroll labelled ASERPH YN RAR.
   708 | D:2      | 708 ||| DRINKING 2 lumpy sapphire potions.
   737 | D:2      | 737 ||| DROPPING scroll of butterflies.
   738 | D:2      | 738 ||| DROPPING potion of lignification.
  1111 | D:1      | 1111 ||| UPGRADING to +0 cloak.
  1116 | D:1      | 1116 ||| UPGRADING to ring of resist corrosion.
  1117 | D:1      | 1117 ||| READING scroll labelled GEDGHA EPLASUCW.
  1190 | D:2      | Reached XP level 4. HP: 25/25 MP: 6/6
  1659 | D:2      | 1659 ||| READING scroll labelled LIRRUZ PILEYCK.
  1660 | D:2      | 1660 ||| READING scroll labelled UKHLI LITUIKU.
  2087 | D:3      | Noticed Jessica
  2098 | D:3      | Killed Jessica
  2099 | D:3      | Reached skill level 8 in Ranged Weapons
  2103 | D:3      | HP: 6/25 [poisoned by Jessica]
  2366 | D:3      | HP: 3/25 [iguana (9)]
  2367 | D:3      | Mangled by an iguana

Levels and vault maps discovered:
D:1:      dpeg_arrival_brainrot, layout_basic, serial_rivers,
          chequers_serial_rivers_large_b, chequers_serial_rivers_micro_c,
          chequers_serial_rivers_micro_a, chequers_serial_rivers_small_a,
          chequers_serial_rivers_small_3
D:2:      layout_basic, basic_ecumenical_altar, hangedman_decor_push,
          minmay_stone_trees_medium
D:3:      layout_basic, uniq_jessica

Skill      XL: |  1  2  3  4 |
---------------+-------------+-----
Ranged Weapons | 6 7 8 |  8.3
Fighting       | |  1.5
Dodging        | |  2.4
Stealth        | |  1.2

Action                     |  1- 3 |  4- 6 || total
---------------------------+-------+-------++-------
   Fire: Shortbow          |    63 |    57 ||   120
    Use: Scroll            |     3 |     2 ||     5
         Potion            |     1 |       ||     1
 Armour: Leather armour    |     1 |       ||     1
         Ring mail         |     2 |     4 ||     6
  Dodge: Dodged            |    22 |    12 ||    34

Table legend:
 A = Non-vault XP
 B = Vault XP
 C = Vault XP percentage of total XP
 D = Non-vault monster count
 E = Vault monster count
 F = Vault count percentage of total count
                 A         B        C        D         E       F
            +---------+---------+-------+---------+---------+-------
      Total |     141 |      42 |  23.0 |      33 |       2 |   5.7
            +---------+---------+-------+---------+---------+-------
        D:1 |      19 |       5 |  20.8 |       9 |       1 |  10.0
        D:2 |     107 |       0 |   0.0 |      16 |       0 |   0.0
        D:3 |      15 |      37 |  71.2 |       8 |       1 |  11.1
            +---------+---------+-------+---------+---------+-------
